 Dungeon Crawl Stone Soup version 0.21.1-1-g345015fe64 (webtiles) character file.

359 Mrkan the Shield-Bearer (level 6, -2/47 HPs)
             Began as a Formicid Fighter on May 6, 2018.
             Slain by an orc wizard
             ... wielding a +0 dagger
              (3 damage)
             ... on level 4 of the Dungeon.
             The game lasted 00:08:05 (3803 turns).

Mrkan the Shield-Bearer (Formicid Fighter)          Turns: 3803, Time: 00:08:06

Health: -2/47      AC:  8    Str: 23    XL:     6   Next: 98%
Magic:  6/6        EV:  8    Int:  7    God:
Gold:   123        SH: 10    Dex: 10    Spells: 5/5 levels left

rFire    . . .     SeeInvis +   a - +0 war axe
rCold    . . .     Gourm    .   c - +0 shield
rNeg     . . .     Faith    .   b - +0 scale mail
rPois    .         Spirit   .   (helmet unavailable)
rElec    .         Reflect  .   (no cloak)
rCorr    .         Harm     .   t - +0 pair of gloves
MR       .....                  (no boots)
Stlth    ..........             (no amulet)
HPRegen  0.15/turn              (no ring)
MPRegen  0.10/turn              (no ring)

@: no status effects
A: permanent stasis, dig shafts and tunnels, four strong arms, antennae 3
a: Dig, Shaft Self


You were on level 4 of the Dungeon.
You were not hungry.

You visited 1 branch of the dungeon, and saw 4 of its levels.

You collected 123 gold pieces.

Inventory:

Hand Weapons
 a - a +0 war axe (weapon)
Armour
 b - a +0 scale mail (worn)
 c - a +0 shield (worn)
 t - a +0 pair of gloves (worn)
Jewellery
 i - an uncursed ring of ice {unknown}
Wands
 m - a wand of clouds (2)
 u - a wand of acid (5)
Scrolls
 e - a scroll of remove curse {unknown}
 o - a scroll of enchant weapon {unknown}
 q - a scroll of fear
 r - a scroll of teleportation {unknown}
 s - a scroll of identify
 v - a scroll of fog {unknown}
Potions
 d - 3 potions of might
 g - 2 potions of resistance {unknown}
 h - a potion of agility {unknown}
 j - 2 potions of brilliance {unknown}
 k - 2 potions of invisibility
 l - a potion of degeneration {unknown}
 n - a potion of heal wounds {unknown}
 p - a potion of curing {unknown}
Comestibles
 f - 8 rations
 w - 4 chunks of flesh


   Skills:
 - Level 3.2 Fighting
 + Level 4.2 Axes
 + Level 5.2 Armour
 + Level 5.8 Shields


You had 5 spell levels left.
You didn't know any spells.

Dungeon Overview and Level Annotations

Branches:
Dungeon (4/15)             Temple (0/1) D:4

Altars:

Annotations:
D:4 Duvessa


Innate Abilities, Weirdness & Mutations

You cannot be hasted, slowed, berserked, paralysed or teleported.
You can dig through walls and to a lower floor.
Your four strong arms can wield two-handed weapons with a shield.
You have a pair of large antennae on your head. (SInv)


Message History

* * * LOW HITPOINT WARNING * * *
The orc wizard gestures wildly while chanting.
The orc wizard blinks!
The orc wizard looks braver for a moment.
You block Duvessa's attack.
You hit the orc wizard.
The orc wizard is heavily wounded.
You hit Duvessa but do no damage. Duvessa closely misses you.
You block the orc wizard's attack. Duvessa hits you with a rapier!
* * * LOW HITPOINT WARNING * * *
You closely miss the orc wizard.
The orc wizard is heavily wounded.
You barely miss Duvessa. Duvessa hits you but does no damage.
The orc wizard hits you with a dagger.
* * * LOW HITPOINT WARNING * * *
You barely miss the orc wizard.
The orc wizard is heavily wounded.
You hit Duvessa but do no damage. Duvessa hits you but does no damage.
The orc wizard hits you with a dagger.
You die...

#.. #.. #.. {
#####.e##
?...... .###+#
....... #.##.#
#....##.##.###
#...oe@o.....#
##.#o##...##.#
#{ #.#.##)# #{
###.##.### #.
≈.≈#...# #.
#.####.#####
.. §§§ #.....#
## Z.o{ #.#
#.###.###. {
§§§ ...#
#.##.#


You could see Duvessa (berserk) and 3 orc wizards.

Vanquished Creatures
  Dowan (D:4)
  2 orc wizards (D:3)
  A centaur skeleton (D:4)
  An iguana (D:4)
  Natasha (D:3)
  5 adders
  An ooze (D:3)
  An adder skeleton (D:4)
  4 worms
  5 dart slugs
  3 leopard geckos
  15 orcs (D:3)
  A ball python (D:2)
  5 giant cockroaches
  9 goblins
  9 hobgoblins
  2 jackals (D:3)
  A quokka (D:3)
  10 bats
  2 frilled lizards (D:2)
  4 kobolds
  A leopard gecko skeleton (D:4)
  11 rats
95 creatures vanquished.

Notes
Turn   | Place    | Note
-------+----------+-------------------------------------------
     0 | D:1      | Mrkan the Formicid Fighter began the quest for the Orb.
     0 | D:1      | Reached XP level 1. HP: 18/18 MP: 1/1
    72 | D:1      | Reached XP level 2. HP: 18/24 MP: 2/2
   573 | D:1      | Reached XP level 3. HP: 27/29 MP: 3/3
  1206 | D:2      | Reached XP level 4. HP: 35/35 MP: 4/4
  2051 | D:3      | Reached XP level 5. HP: 40/41 MP: 5/5
  2145 | D:3      | Reached skill level 5 in Shields
  2821 | D:3      | Reached XP level 6. HP: 47/47 MP: 6/6
  2908 | D:3      | Noticed Natasha
  2921 | D:3      | Killed Natasha
  3236 | D:3      | Reached skill level 5 in Armour
  3752 | D:4      | Noticed Dowan
  3754 | D:4      | Found a staircase to the Ecumenical Temple.
  3773 | D:4      | Killed Dowan
  3786 | D:4      | Noticed Duvessa
  3801 | D:4      | HP: 2/47 [Duvessa/rapier (9)]
  3803 | D:4      | Slain by an orc wizard

Skill      XL: |  1  2  3  4  5  6 |
---------------+-------------------+-----
Shields        | 4 5 |  5.8
Armour         | 4 5 |  5.2
Axes           | 3 4 |  4.2
Fighting       | |  3.2

Action                   |  1- 3 |  4- 6 || total
-------------------------+-------+-------++-------
Melee: War axe           |   116 |   206 ||   322
  Use: Scroll            |       |     2 ||     2
  Eat: Chunk             |     1 |     6 ||     7
       Ration            |       |     1 ||     1
Armor: Scale mail        |    56 |   103 ||   159
Dodge: Dodged            |    50 |    80 ||   130
Block: Shield            |    65 |   136 ||   201
